 Dungeon Crawl Stone Soup version 0.23.2-40-g277498a001 (webtiles) character file.

Game seed: 5542641901170467841

36 Gildeon the Cutter (level 3, 0/22 HPs)
             Began as a Deep Elf Fighter on Sept 23, 2019.
             Slain by an adder (3 damage)
             ... on level 2 of the Dungeon.
             The game lasted 00:04:20 (1372 turns).

Gildeon the Cutter (Deep Elf Fighter)               Turns: 1372, Time: 00:04:20

Health: 0/22       AC:  3    Str: 13    XL:     3   Next: 19%
Magic:  5/5        EV: 10    Int: 12    God:
Gold:   109        SH:  8    Dex: 18    Spells: 2/2 levels left

rFire    . . .     SeeInvis .   a - +0 rapier
rCold    . . .     Gourm    .   c - +0 shield
rNeg     . . .     Faith    .   k - +0 leather armour
rPois    +         Spirit   .   (no helmet)
rElec    .         Reflect  .   (no cloak)
rCorr    .         Harm     .   (no gloves)
MR       .....                  (no boots)
Stlth    +.........             g - amulet of rage
HPRegen  0.07/turn              p - ring of poison resistance
MPRegen  0.09/turn              q - +3 ring of dexterity

@: lethally poisoned (0 -> -1)
A: no striking features
a: Evoke Berserk Rage


You were on level 2 of the Dungeon.
You were hungry.

You visited 1 branch of the dungeon, and saw 2 of its levels.

You collected 109 gold pieces.

Inventory:

Hand Weapons
 a - a +0 rapier (weapon)
Armour
 b - a +0 scale mail
 c - a +0 shield (worn)
 k - a +0 leather armour (worn)
 l - a +0 robe
Jewellery
 g - an amulet of rage (around neck)
 p - a ring of poison resistance (left hand)
 q - a +3 ring of dexterity (right hand)
Scrolls
 i - a scroll of amnesia {unknown}
 m - 2 scrolls of remove curse {unknown}
 o - 2 scrolls of random uselessness {unknown}
 r - a scroll of identify {unknown}
Potions
 d - a potion of might
 e - 2 potions of cancellation {unknown}
 h - a potion of agility {unknown}
 n - a potion of degeneration {unknown}
Comestibles
 f - 7 rations
 j - 6 chunks of flesh


   Skills:
 - Level 2.4 Fighting
 + Level 2.9 Short Blades
 - Level 2.4 Armour
 + Level 2.3 Dodging
 - Level 2.4 Shields


You had 2 spell levels left.
You didn't know any spells.
Your spell library was empty.

Dungeon Overview and Level Annotations

Branches:
Dungeon (2/15)

Altars:
Dithmenos
Qazlal


Message History

The adder bites you. The frilled lizard bites you.
The adder bites you but does no damage.
You hit the frilled lizard.
You kill the frilled lizard!
You feel sick. You block the adder's attack. x2
Some of the chunks of flesh in your inventory have rotted away.
You closely miss the adder.
The adder is severely wounded.
The adder closely misses you.
You hit the adder but do no damage.
The adder is severely wounded.
The adder bites you but does no damage. You block the adder's attack.
Your shield prevents you from hitting the adder.
The adder is severely wounded.
You feel sick. The adder bites you.
* * * LOW HITPOINT WARNING * * *
You closely miss the adder.
The adder is severely wounded.
You block the adder's attack. The adder bites you.
You die...

...........<.......
...................###...######
...................'...........
...................###.......##
........$..........# #...###.#
........(..........###.#.###.#
.......................#.§##.#
....................###...§#.#
..).........†S@..........§...##
.........########'#..#...§.....
##+####### #.#..#.##..####
#....#.###.....
####....###.....
..........#.....
..........#.....
..........#.÷...
..........#.....


You could see an adder.

Vanquished Creatures
  2 dart slugs (D:1)
  4 goblins
  6 hobgoblins
  3 jackals (D:2)
  3 bats
  5 frilled lizards
  4 kobolds
  2 rats (D:2)
29 creatures vanquished.

Notes
Turn   | Place    | Note
-------+----------+-------------------------------------------
     0 | D:1      | Gildeon the Deep Elf Fighter began the quest for the Orb.
     0 | D:1      | Reached XP level 1. HP: 13/13 MP: 3/3
   110 | D:1      | Reached skill level 1 in Dodging
   194 | D:1      | Reached XP level 2. HP: 10/18 MP: 4/4
   916 | D:2      | Found a stormy altar of Qazlal.
   918 | D:2      | Noticed a fire elemental
   919 | D:2      | Noticed a water elemental
   919 | D:2      | Noticed an earth elemental
   919 | D:2      | Noticed an air elemental
  1159 | D:2      | Reached XP level 3. HP: 22/22 MP: 5/5
  1299 | D:2      | Found a shadowy altar of Dithmenos.
  1372 | D:2      | Slain by an adder

Skill      XL: |  1  2 |
---------------+-------+-----
Dodging        | 1 2 |  2.3
Fighting       | |  2.4
Short Blades   | |  2.9
Armour         | |  2.4
Shields        | |  2.4

Action                   || total
-------------------------++-------
Melee: Rapier            ||   105
  Eat: Chunk             ||     1
Armor: Scale mail        ||     7
       Leather armour    ||    17
Dodge: Dodged            ||    41
Block: Shield            ||    54
